 Dungeon Crawl Stone Soup version 0.27-a0-1189-gb8eb6cee8e (webtiles) character file.

Game seed: 14478468618360987254

695 Zonian the Skirmisher (level 7, -5/74 HPs)
             Began as an Ogre Fighter on May 22, 2021.
             Was a Believer of Dithmenos.
             Slain by a gnoll sergeant
             ... wielding a +3 vorpal spear
              (11 damage)
             ... on level 5 of the Dungeon.
             The game lasted 00:07:05 (4407 turns).

Zonian the Skirmisher (Ogre Fighter)                Turns: 4407, Time: 00:07:06

Health: -5/74      AC:  3    Str: 21    XL:     7   Next: 64%
Magic:  7/7        EV:  9    Int:  9    God:    Dithmenos [**....]
Gold:   286        SH: 10    Dex: 10    Spells: 6/6 levels left

rFire    . . .     SeeInvis .   e - +1 rapier (venom)
rCold    . . .     Faith    .   c - +1 kite shield
rNeg     . . .     Spirit   .   b - +0 robe
rPois    .         Reflect  .   (helmet restricted)
rElec    .         Harm     .   (no cloak)
rCorr    .         Rampage  .   (gloves unavailable)
Will     .....                  (boots unavailable)
Stlth    ++........             (no amulet)
HPRegen  0.22/turn              p - ring of wizardry
MPRegen  0.10/turn              (no ring)

@: wreathed by umbra
A: large, unfitting armour, tough skin 1
a: Renounce Religion, Shadow Step


You were on level 5 of the Dungeon.
You worshipped Dithmenos.
Dithmenos was pleased with you.
You visited 1 branch of the dungeon, and saw 5 of its levels.

You collected 286 gold pieces.

Inventory:

Hand Weapons
 a - a +0 war axe
 e - a +1 rapier of venom (weapon)
 f - a +0 long sword
 j - a +0 giant club
 k - a +2 short sword of speed
 q - a +2 falchion of holy wrath
Missiles
 m - 8 javelins
 o - 20 poisoned darts (quivered)
Armour
 b - a +0 robe (worn)
 c - a +1 kite shield (worn)
 i - a +0 leather armour
Jewellery
 p - a ring of wizardry (left hand)
Scrolls
 g - 3 scrolls of amnesia
 l - 2 scrolls of silence
 r - a scroll of teleportation
Potions
 d - a potion of might
 h - 2 potions of heal wounds
 n - 2 potions of attraction {unknown}


   Skills:
 + Level 5.9 Fighting
 + Level 4.5 Short Blades
 + Level 2.1 Axes
 + Level 4.1 Dodging
 + Level 1.2 Stealth
 + Level 4.1 Shields


You had 6 spell levels left.
You didn't know any spells.
Your spell library contained the following spells:

 Spells                   Type           Power      Damage    Failure   Level
 Animate Skeleton         Necr           0%         N/A       41%         1
 Apportation              Tloc           0%         N/A       41%         1
 Corona                   Hex            0%         N/A       41%         1
 Summon Small Mammal      Summ           0%         N/A       41%         1


Dungeon Overview and Level Annotations

Branches:
Dungeon (5/15)             Temple (0/1) D:4

Altars:
Dithmenos


Innate Abilities, Weirdness & Mutations

You are too large for most types of armour.
You have tough skin. (AC +1)


Message History

Unknown command.
You feel much better. You block the gnoll's attack.
Unknown command.
You hit the gnoll.
You kill the gnoll!
Dithmenos accepts your kill.
You hit the orc.
The orc is poisoned.
The orc is heavily wounded.
You hit the orc.
You kill the orc!
Dithmenos accepts your kill. You block the gnoll sergeant's attack.
You puncture the bullfrog skeleton!
The bullfrog skeleton is moderately damaged.
The bullfrog skeleton barely misses you.
You block the gnoll sergeant's attack.
The gnoll hits you from afar with a +0 spear.
You block the bullfrog skeleton's attack.
You barely miss the bullfrog skeleton.
The bullfrog skeleton is moderately damaged.
You block the gnoll sergeant's attack. You block the gnoll's attack.
The bullfrog skeleton barely misses you.
You puncture the bullfrog skeleton!
The bullfrog skeleton is severely damaged.
You block the gnoll sergeant's attack.
The bullfrog skeleton closely misses you.
The gnoll hits you from afar with a +0 spear!
The gnoll hits you from afar with a +0 halberd!
You hit the bullfrog skeleton.
The bullfrog skeleton is almost destroyed.
The bullfrog skeleton hits you.
The gnoll sergeant hits you from afar with a +3 vorpal spear!
* * * LOW HITPOINT WARNING * * *
x2 The gnoll hits you from afar with a +0 spear!
* * * LOW HITPOINT WARNING * * *
The bullfrog skeleton hits you.
* * * LOW HITPOINT WARNING * * *
You block the gnoll's attack.
The gnoll sergeant hits you from afar with a +3 vorpal spear!
You die...

#####............##..##
##......###......#....#####
.......................#..##
.......###...#.............#
..#......#......#.......>..#
.##......#.....##..#..>.##..#
...............###†#....##.......
..........(...g###...............
.............ogZ@...........#....
..##..........g##.#........##....
..# .#.......o#####..............
..# #.......Z#.##...............
.... .......#.g.#..............).
.... ..#....#..o.................
.... #...####.##.............#.
.8. ......#..g.##.......##.....
≈≈≈ ....##..##Zg............#..


You could see a gnoll sergeant, 2 gnolls, 2 orcs and a bullfrog skeleton.

Vanquished Creatures
  A necrophage (D:5)
  An ogre (D:5)
  A water moccasin skeleton (D:3)
  A hound (D:4)
  A bullfrog skeleton (D:4)
  A gnoll shaman (D:4)
  An orc priest (D:4)
  A jelly (D:4)
  3 iguanas
  An orc wizard (D:4)
  9 gnolls
  5 adders
  An ufetubus (D:4)
  3 worms (D:2)
  A dart slug (D:1)
  11 orcs
  6 ball pythons
  5 endoplasms
  3 giant cockroaches
  8 goblins
  5 hobgoblins
  4 jackals
  3 quokkas
  8 kobolds
  8 rats
92 creatures vanquished.

Notes
Turn   | Place    | Note
-------+----------+-------------------------------------------
     0 | D:1      | Zonian the Ogre Fighter began the quest for the Orb.
     0 | D:1      | Reached XP level 1. HP: 24/24 MP: 1/1
     8 | D:1      | Noticed a merfolk zombie
    15 | D:1      | Noticed a minotaur zombie
    17 | D:1      | Noticed a merfolk zombie
   186 | D:1      | Reached XP level 2. HP: 33/33 MP: 2/2
   414 | D:1      | Found a faded altar of an unknown god.
   430 | D:1      | Became a worshipper of Dithmenos the Shadowed
   430 | D:1      | Reached * piety under Dithmenos
   905 | D:2      | Reached XP level 3. HP: 40/40 MP: 3/3
  1240 | D:2      | Reached skill level 1 in Short Blades
  1449 | D:2      | Reached XP level 4. HP: 49/49 MP: 4/4
  2081 | D:3      | Reached ** piety under Dithmenos
  2410 | D:3      | Reached skill level 5 in Fighting
  2410 | D:3      | Reached XP level 5. HP: 52/57 MP: 5/5
  3051 | D:4      | Reached XP level 6. HP: 35/66 MP: 6/6
  3471 | D:4      | Reached XP level 7. HP: 34/72 MP: 7/7
  3872 | D:4      | Found a staircase to the Ecumenical Temple.
  4066 | D:5      | Entered Level 5 of the Dungeon
  4150 | D:5      | Reached skill level 1 in Stealth
  4407 | D:5      | Slain by a gnoll sergeant

Illustrated notes

Levels and vault maps discovered:
D:1:      shiori_arrival_whats_in_store_for_you, layout_basic,
          hellmonk_ecumenical_altar_pennies_from_heaven
D:2:      layout_basic
D:3:      layout_rooms
D:4:      layout_rooms, minmay_temple_entry_tees, kennysheep_path_1
D:5:      minmay_clustersquares, layout_cave_pools, serial_park_tiny_pond,
          minmay_hollow_rounded_squares

Skill      XL: |  1  2  3  4  5  6  7 |
---------------+----------------------+-----
Shields        | 3 4 |  4.1
Dodging        | 3 4 |  4.1
Short Blades   | 1 2 3 4 |  4.5
Fighting       | 5 |  5.9
Stealth        | 1 |  1.2
Axes           | |  2.1

Action                   |  1- 3 |  4- 6 |  7- 9 || total
-------------------------+-------+-------+-------++-------
Melee: Rapier            |    78 |   126 |    51 ||   255
Throw: Dart              |       |       |     1 ||     1
  Use: Scroll            |     1 |    10 |     1 ||    12
       Potion            |       |     1 |     1 ||     2
 Stab: Sleeping          |       |     1 |     1 ||     2
Armor: Robe              |    18 |    17 |     4 ||    39
Dodge: Dodged            |    24 |    46 |    24 ||    94
Block: Kite shield       |    28 |    50 |    34 ||   112

Table legend: (Time is in decaauts)
 A = Elapsed time spent in this place.
 B = Non-inter-level travel time spent in this place.
 C = Inter-level travel time spent in this place.
 D = Time resting spent in this place.
 E = Time spent auto-exploring this place.
 F = Levels seen in this place.
 G = Mean time per level.
                   A        B        C        D        E       F      G
               +--------+--------+--------+--------+--------+-----+--------+
         Total |   4481 |   4413 |     68 |    765 |   2857 |   5 |  896.2 |
       Dungeon |   4481 |   4413 |     68 |    765 |   2857 |   5 |  896.2 |
               +--------+--------+--------+--------+--------+-----+--------+

Top non-repeatable levels by time:
     D:2: 1353 daAuts
     D:4: 1119 daAuts
     D:3: 909 daAuts
     D:1: 753 daAuts
     D:5: 345 daAuts
